 Dungeon Crawl Stone Soup version 0.19-a0-1065-gdac414d (webtiles) character file.

11 4thArraOfDagon the Sneak (level 2, -7/22 HPs)
             Began as a Naga Earth Elementalist on Aug 3, 2016.
             Mangled by Sigmund
             ... wielding a +0 scythe
              (10 damage)
             ... on level 4 of the Dungeon.
             The game lasted 00:01:47 (229 turns).

4thArraOfDagon the Sneak (Naga Earth Elementalist)   Turns: 229, Time: 00:01:48

Health: -7/22      AC:  2    Str: 10    XL:     2   Next: 29%
Magic:  5/5        EV: 10    Int: 15    God:
Gold:   21         SH:  0    Dex: 11    Spells: 1 memorised, 4 levels left

rFire  . . .     SeeInvis +       - Unarmed
rCold  . . .     Gourm    .     c - +0 robe
rNeg   . . .     Faith    .     (no shield)
rPois  +         Spirit   .     (no helmet)
rElec  .         Dismiss  .     h - +0 cloak
rCorr  .         Reflect  .     (no gloves)
SustAt .         Harm     .     (no barding)
MR     .....                    (no amulet)
Stlth  ++........               (no ring)
                                (no ring)

@: short of breath, flying, very slow
A: see invisible, deformed body, poison resistance, slowness 2, slow metabolism
1, spit poison 2, AC +0
a: Spit Poison


You were on level 4 of the Dungeon.
You were not hungry.

You visited 1 branch of the dungeon, and saw 4 of its levels.

You collected 21 gold pieces.

Inventory:

Missiles
 b - 41 stones (quivered)
Armour
 c - a +0 robe (worn)
 h - a +0 cloak (worn)
Potions
 g - a potion of flight
Books
 e - a book of Geomancy

   Spells                             Type                      Level
   a - Sandblast                      Earth                        1
   b - Passwall                       Transmutation/Earth          2
   c - Stone Arrow                    Conjuration/Earth            3
   d - Petrify                        Transmutation/Earth          4
   e - Lee's Rapid Deconstruction     Earth                        5
Comestibles
 d - a bread ration


   Skills:
 - Level 1.5 Dodging
 - Level 3.0 Stealth
 * Level 1.9 Unarmed Combat
 - Level 2.0 Spellcasting
   Level 1.0 Transmutations
 - Level 3.0 Earth Magic


You had 4 spell levels left.
You knew the following spells:

 Your Spells              Type           Power        Failure   Level  Hunger
a - Sandblast             Erth           ##....       8%          1    #......


Dungeon Overview and Level Annotations

Branches:
Dungeon (4/15)
 Temple: D:4-7

Altars:
Elyvilon

Annotations:
D:4 Sigmund


Innate Abilities, Weirdness & Mutations

You cannot wear boots.
Your serpentine skin is tough. (AC +0)
You have supernaturally acute eyesight. (SInv)
Armour fits poorly on your strangely shaped body.
Your system is resistant to poisons. (rPois)
You cover ground very slowly.
You have a slow metabolism.
You can spit poison.


Message History

Unknown command.
Unknown command.
Unknown command.
You closely miss Sigmund.
Sigmund is moderately wounded.
You have got your breath back.
Sigmund barely misses you.
Unknown command.
Unknown command.
Unknown command.
You closely miss Sigmund.
Sigmund is moderately wounded.
Sigmund points at you and mumbles some strange words.
You resist with significant effort.
Unknown command.
Press: ? - help, Shift-Dir - straight line, f/p - Sigmund
Aim: Sigmund, wielding a scythe and wearing a robe (heavily wounded, poisoned)
The splash of poison misses Sigmund.
You feel slightly more hungry.
Sigmund looks more healthy.
Sigmund hits you with a scythe!
You die...

+..@.... #......#
######...##.# #........# .
#.## #.# .# #####.# .#
#...@.# .#### #..@..###....#
...#............#
...#####.#......#
...#.###...###. ##
#..#.#≈≈...≈≈# .....
..#.#≈..♣..≈## ......
#.##.........#
......#######.#..r♣._.♣...#
...........##................


You could see Sigmund.

Vanquished Creatures
  A dart slug (D:3)
  A giant cockroach (D:1)
  A hobgoblin (D:1)
  3 bats
  2 kobolds
  2 rats
10 creatures vanquished.

Notes
Turn   | Place    | Note
-------+----------+-------------------------------------------
     0 | D:1      | 4thArraOfDagon the Naga Earth Elementalist began the quest for the Orb.
     0 | D:1      | Reached XP level 1. HP: 15/15 MP: 3/3
    39 | D:1      | Reached skill level 1 in Unarmed Combat
    66 | D:2      | Reached XP level 2. HP: 20/22 MP: 5/5
   132 | D:4      | Noticed Sigmund
   174 | D:4      | Noticed a centaur
   188 | D:4      | Found a white marble altar of Elyvilon.
   229 | D:4      | Mangled by Sigmund

Vault maps used:
D:1:      dpeg_arrival_prison
D:2:      minmay_door_path, first_bread
D:3:      kennysheep_generic_room_11
D:4:      elyvilon_altar_4, uniq_pikel, uniq_sigmund, uniq_grinder

Skill      XL: |  1 |
---------------+----+-----
Unarmed Combat | 1 |  1.9
Dodging        | |  1.5
Stealth        | |  3.0
Spellcasting   | |  2.0
Transmutations | |  1.0
Earth Magic    | |  3.0

Action                   || total
-------------------------++-------
Melee: Unarmed           ||    17
 Abil: Spit Poison       ||    12
  Use: Scroll            ||     2
       Potion            ||     1
Armor: Robe              ||     3
Dodge: Dodged            ||     7
